cohdb
Replays
Latest Replays
All Replays
Popular Replays
Top Player Replays
Match Explorer
How It Works
Community
CoH3 Stats
Reddit
Sign in to upload your games and track your stats! →
Sign in with Steam
Match 44929992
Unlisted
Match 44929992
Overview
Messages
Build Orders
End
Construct Barracks
Selects Heavy Weapons
Riflemen Squad
Riflemen Squad
Riflemen Squad
M1 Mortar Team
Construct Medical Station
Infantry Support Center
Selects Assault Carriers
Selects Exchangeable Parts
Construct Motor Pool
M1 Anti-tank Gun Team
M1 Anti-tank Gun Team
Grenade Package
Construct Weapon Support Center
M3 Assault Carrier
M3 Assault Carrier
M1 Anti-tank Gun Team
M1918 Browning Automatic Rifles
M24 Chaffee Light Tank
Riflemen Squad
M1 Anti-tank Gun Team
Engineer Squad
Selects M26 Pershing Heavy Tank
Guru
Karl Müller
burchbeer92
Alân
0
0
Comments
sign in to comment!
No comments posted yet!